 Dungeon Sprint DCSS version 0.29.1-1-gd02db6906a (webtiles) character file.

Game seed: 5279538039852765909

14 GigaChad the Covered (level 2, 0/28 HPs)
             Began as a Minotaur Fighter on Sept 19, 2022.
             Slain by a gnoll
             ... wielding a +0 club
              (4 damage)
             ... in the Dungeon (Sprint VII: "The Pits").
             The game lasted 00:00:14 (43 turns).

GigaChad the Covered (Minotaur Fighter)               Turns: 43, Time: 00:00:15

Health: 0/28       AC:  7    Str: 20    XL:     2   Next: 31%
Magic:  1/1        EV:  9    Int:  5    God:
Gold:   0          SH:  4    Dex:  9    Spells: 1/1 levels left

rFire   . . .      SeeInvis .   a - +0 long sword
rCold   . . .      Faith    .   c - +0 buckler
rNeg    . . .      Spirit   .   b - +0 scale mail
rPois   .          Reflect  .   (helmet restricted)
rElec   .          Harm     .   (no cloak)
rCorr   .          Rampage  .   (no gloves)
Will    .....      NoTele   +   (no boots)
Stlth   ..........              (no amulet)
HPRegen 0.09/turn               (no ring)
MPRegen 0.07/turn               (no ring)

@: no status effects
A: horns 2, retaliatory headbutt
a: no special abilities


You were in the Dungeon.
You visited 1 branch

Inventory:

Hand Weapons
 a - a +0 long sword (weapon)
Armour
 b - a +0 scale mail (worn)
 c - a +0 buckler (worn)
Scrolls
 j - a scroll of blinking
Potions
 d - a potion of might
 e - a potion of curing
 f - a potion of heal wounds
 g - a potion of haste
 h - 2 potions of magic
 i - a potion of berserk rage


   Skills:
 + Level 4.8 Fighting
 + Level 3.1 Long Blades
 + Level 4.8 Armour
 + Level 4.6 Shields


You had one spell level left.
You didn't know any spells.
Your spell library was empty.

Dungeon Overview and Level Annotations

Branches:
Dungeon (1/1)

Altars:


Innate Abilities, Weirdness & Mutations

You have a pair of horns on your head.
You reflexively headbutt those who attack you in melee.


Message History

You closely miss the quasit. The bat hits you but does no damage.
The quasit barely misses you.
The quasit claws you but does no damage. x2
The gnoll hits you with a +0 club.
You hit the quasit but do no damage. You headbutt the quasit.
The quasit is moderately wounded.
The bat hits you but does no damage. The quasit bites you.
The quasit barely misses you. The quasit completely misses you.
You block the gnoll's attack.
The quasit bites you but does no damage.
The quasit barely misses you. The quasit closely misses you.
You barely miss the quasit.
The quasit is moderately wounded.
The bat closely misses you. You furiously retaliate!
You headbutt the bat.
You kill the bat!
The quasit bites you but does no damage.
The quasit closely misses you. The quasit claws you.
The gnoll hits you but does no damage. You block the gnoll's attack.
The quasit barely misses you.
The quasit claws you but does no damage. x2
You hit the quasit but do no damage.
The quasit is moderately wounded.
The quasit barely misses you.
The quasit claws you but does no damage.
The quasit claws you. The gnoll hits you with a +0 club.
You miss the quasit. You headbutt the quasit.
The quasit is heavily wounded.
The quasit bites you.
* * * LOW HITPOINT WARNING * * *
The quasit claws you but does no damage. x2
The gnoll hits you with a +0 club.
* * * LOW HITPOINT WARNING * * *
The quasit barely misses you. You furiously retaliate!
You headbutt the quasit!
The quasit claws you but does no damage. x2
You completely miss the quasit.
The quasit is almost dead.
You block the quasit's attack. The quasit barely misses you.
The quasit claws you but does no damage.
The gnoll hits you with a +0 club.
You die...

##########.##........
#..........)'........
#+#####†#####......#.
#...#.# #........
#...#.# ####'####
#...).# #.......#
##'#### #.......#
#g....# #.......#
#.@5..# #...<...#
#........##.......#
#........##.......#
###########.......#
#########


You could see a quasit and a gnoll.

Vanquished Creatures
  An ufetubus (D)
  An orc (D)
  A bat (D)
  A goblin (D)
  2 hobgoblins (D)
  A quokka (D)
7 creatures vanquished.

Notes
Turn   | Place    | Note
-------+----------+-------------------------------------------
     0 | D        | GigaChad the Minotaur Fighter began the quest for the Orb.
     0 | D        | Reached XP level 1. HP: 19/19 MP: 0/0
    35 | D        | Noticed a quasit
    38 | D        | Reached XP level 2. HP: 18/28 MP: 1/1
    43 | D        | Slain by a gnoll

Illustrated notes

Levels and vault maps discovered:
D:        pitsprint [storerooms_1, entrance_room_1, metal_vault_8, armoury_1,
          mini_pit_1, grid_room_1, main_hall_1, silver_pit, the_coven_2,
          the_vestibule_1, steel_vault_4, golden_pit, hallway_of_sentries,
          crystal_vault_1, iron_vault_3, final_vault]

Skill      XL: |  1 |
---------------+----+-----
Fighting       | 4 |  4.8
Armour         | 4 |  4.8
Shields        | 4 |  4.6
Long Blades    | 3 |  3.1

Action                   || total
-------------------------++-------
Melee: Long sword        ||    13
       Headbutt          ||     2
Armor: Scale mail        ||    21
Dodge: Dodged            ||    20
Block: Buckler           ||     3
